 Dungeon Crawl Stone Soup version 0.22.1-1-ga44c0e56f4 (webtiles) character file.

1977 Freyura the Covert (level 9, -11/68 HPs)
             Began as a Vampire Assassin on Oct 30, 2018.
             Was an Initiate of Ashenzari.
             Mangled by Harold
             ... wielding a +0 trident
              (17 damage)
             ... on level 7 of the Dungeon.
             The game lasted 00:26:46 (8290 turns).

Freyura the Covert (Vampire Assassin)               Turns: 8290, Time: 00:26:47

Health: -11/68     AC:  5    Str: 10    XL:     9   Next: 0%
Magic:  9/9        EV: 18    Int: 13    God:    Ashenzari [......]
Gold:   311        SH:  0    Dex: 27    Spells: 8/8 levels left

rFire    . . .     SeeInvis +   C - +0 rapier (curse)
rCold    + . .     Gourm    .   (no shield)
rNeg     + + .     Faith    .   n - +0 robe (curse)
rPois    +         Spirit   .   (no helmet)
rElec    .         Reflect  .   d - +2 cloak (curse)
rCorr    .         Harm     .   (no gloves)
MR       .....                  (no boots)
Stlth    ++++++....             (no amulet)
HPRegen  0.10/turn              h - +4 ring of dexterity
MPRegen  0.11/turn              c - +4 ring of dexterity

@: marked, regenerating slowly
A: fangs 3, see invisible, unbreathing
a: Bat Form, Curse Item, Renounce Religion


You were on level 7 of the Dungeon.
You worshipped Ashenzari.
Ashenzari was noncommittal.
You were near bloodless.

You visited 2 branches of the dungeon, and saw 8 of its levels.
You also visited: Sewer.

You collected 311 gold pieces.

Inventory:

Hand Weapons
 a - a +4 dagger
 b - a +0 blowgun
 x - a +1 dagger of electrocution
 C - a cursed +0 rapier (weapon)
Missiles
 e - 27 poisoned needles
 f - 2 curare-tipped needles
Armour
 d - a cursed +2 cloak (worn)
 n - a cursed +0 robe (worn)
Jewellery
 c - a +4 ring of dexterity (right hand)
 h - a +4 ring of dexterity (left hand)
 p - a +2 ring of intelligence
 v - a +4 ring of intelligence
 y - a cursed ring of teleportation
Wands
 w - a wand of flame (53)
 D - a wand of random effects (66)
 F - a wand of iceblast (17)
Scrolls
 i - a scroll of identify
 j - 2 scrolls of teleportation
 s - a scroll of fear
 t - a scroll of magic mapping
 B - 2 scrolls of enchant armour
Potions
 g - 37 potions of blood
 l - 8 potions of curing
 m - 2 potions of flight
 o - 2 potions of heal wounds
 q - 2 potions of cancellation
 r - 2 potions of agility
 u - 2 potions of brilliance
 z - a potion of haste
 E - 2 potions of might


   Skills:
 + Level 5.0 Fighting
 * Level 8.5 Short Blades
 - Level 1.5 Throwing
 + Level 5.7 Dodging
 + Level 10.0 Stealth


You had 8 spell levels left.
You didn't know any spells.
Your spell library contained the following spells:

 Spells                   Type           Power        Failure   Level  Hunger
 Magic Dart               Conj           #...         30%         1    ##.....
 Searing Ray              Conj           #.....       43%         2    ###....
 Dazzling Spray           Conj/Hex       #.....       67%         3    ####...
 Force Lance              Conj/Tloc      #.......     97%         4    #####..
 Fulminant Prism          Conj/Hex       #.........   97%         4    #####..
 Iskenderun's Mystic Bla  Conj           #.......     97%         4    #####..


Dungeon Overview and Level Annotations

Branches:
Dungeon (7/15)             Temple (1/1) D:6

Altars:
Ashenzari
Cheibriados
Elyvilon
Fedhas
Gozag
Hepliaklqana
Kikubaaqudgha
Makhleb
Okawaru
Qazlal
Ru
Sif Muna
Trog
Uskayaw
Vehumet
Wu Jian
Xom
Yredelemnul
Zin
The Shining One

Shops:
D:5 }   D:6 ?

Annotations:
D:4 3 runed doors, Cykl0x's ghost, amateur GrFi
D:7 Harold


Innate Abilities, Weirdness & Mutations

You heal slowly.
You have razor-sharp teeth.
You have supernaturally acute eyesight. (SInv)
You can survive without breathing.


Message History

Harold hits you with a trident!!
* * * LOW HITPOINT WARNING * * *
You hit Harold but do no damage.
Harold is moderately wounded.
You hit Harold but do no damage.
Harold is moderately wounded.
Harold completely misses you.
You hit Harold but do no damage.
Harold is moderately wounded.
Harold barely misses you.
You hit Harold.
Harold is moderately wounded.
You hit Harold but do no damage.
Harold is moderately wounded.
Harold misses you.
A jackal comes into view.
The jackal bites you.
* * * LOW HITPOINT WARNING * * *
Harold hits you from afar with a trident!
You die...

######## #..<...#
#......# #......#
#......# #...@..#
####+###......#
#.........h@..#
#.............#
#.............#
##....##.........
#####
#..........#
...h........#
.##..##..##..#


You could see Harold and 2 jackals.

Vanquished Creatures
  Grinder (D:6)
  Menkaure (D:6)
  Duvessa (D:6)
  A water moccasin (D:6)
  A sky beast (D:4)
  A phantom (D:7)
  A centaur (D:5)
  2 big kobolds (Sewer)
  Dowan (D:6)
  A wyvern zombie (D:6)
  2 scorpions (D:4)
  A centaur zombie (D:6)
  2 bullfrog zombies
  A hound (D:5)
  An orc priest (D:5)
  3 jellies
  2 orc wizards (D:6)
  Ijyb (D:3)
  Jessica (D:3)
  2 iguanas
  4 worker ants
  A hound zombie (D:5)
  A hound skeleton (D:5)
  6 gnolls
  6 adders
  7 river rats
  A shadow imp (D:7)
  An ooze (Sewer)
  An adder zombie (D:5)
  An adder skeleton (D:5)
  4 worms
  2 dart slugs
  4 leopard geckos
  10 orcs
  6 giant cockroaches
  4 hobgoblins
  8 jackals
  23 kobolds
  9 ball pythons
  7 bats
  8 frilled lizards
  5 goblins
  25 rats
171 creatures vanquished.

Notes
Turn   | Place    | Note
-------+----------+-------------------------------------------
     0 | D:1      | Freyura the Vampire Assassin began the quest for the Orb.
     0 | D:1      | Reached XP level 1. HP: 16/16 MP: 1/1
   213 | D:1      | Reached skill level 6 in Stealth
   233 | D:1      | Reached XP level 2. HP: 22/22 MP: 2/2
  1001 | D:2      | Reached XP level 3. HP: 20/27 MP: 3/3
  1364 | D:2      | Reached XP level 4. HP: 9/34 MP: 4/4
  2170 | D:3      | Found an opulent altar of Gozag.
  2611 | D:3      | Noticed Jessica
  2616 | D:3      | Killed Jessica
  2788 | D:3      | Noticed Ijyb
  2811 | D:3      | Killed Ijyb
  2811 | D:3      | Reached XP level 5. HP: 31/39 MP: 5/5
  3177 | D:4      | Noticed Cykl0x's ghost (amateur GrFi)
  3179 | D:4      | Found a runed gate.
  3179 | D:4      | Found a runed gate.
  3179 | D:4      | Found a runed gate.
  3263 | D:4      | Noticed a sky beast
  3270 | D:4      | Killed a sky beast
  3270 | D:4      | Reached skill level 7 in Stealth
  3270 | D:4      | Reached XP level 6. HP: 47/47 MP: 6/6
  3375 | D:4      | Reached skill level 5 in Short Blades
  4501 | D:5      | Entered Level 5 of the Dungeon
  4625 | D:5      | Reached XP level 7. HP: 17/52 MP: 7/7
  5204 | D:5      | Reached skill level 8 in Stealth
  5568 | D:5      | Found Irof's Gadget Shoppe.
  6108 | D:6      | Noticed Duvessa
  6116 | D:6      | Noticed Dowan
  6125 | D:6      | Killed Duvessa
  6135 | D:6      | Killed Dowan
  6231 | D:6      | Reached XP level 8. HP: 24/60 MP: 8/8
  6268 | D:6      | Noticed Menkaure
  6278 | D:6      | Killed Menkaure
  6278 | D:6      | Reached skill level 9 in Stealth
  6523 | D:6      | Found Fiuwnapp's Magic Scroll Shop.
  6568 | D:6      | Found a glowing golden altar of the Shining One.
  6568 | D:6      | Found a basalt altar of Yredelemnul.
  6568 | D:6      | Found a shattered altar of Ashenzari.
  6576 | D:6      | Reached skill level 5 in Dodging
  6630 | D:6      | Noticed Grinder
  6643 | D:6      | Killed Grinder
  6671 | D:6      | Found a glowing drain.
  6693 | Sewer    | Entered a sewer
  7481 | D:6      | Found a staircase to the Ecumenical Temple.
  7487 | Temple   | Entered the Ecumenical Temple
  7695 | D:6      | Became a worshipper of Ashenzari the Shackled
  7956 | D:6      | Found a hide-covered altar of Uskayaw.
  7958 | D:6      | Found a burning altar of Makhleb.
  8080 | D:7      | HP: 3/61 [phantom (9)]
  8083 | D:7      | Reached skill level 5 in Fighting
  8083 | D:7      | Reached skill level 10 in Stealth
  8083 | D:7      | Reached XP level 9. HP: 20/68 MP: 9/9
  8256 | D:7      | Noticed Harold
  8290 | D:7      | Mangled by Harold

Skill      XL: |  1  2  3  4  5  6  7  8 |
---------------+-------------------------+-----
Stealth        | 6 7 8 10 | 10.0
Fighting       | 2 3 4 5 |  5.0
Short Blades   | 3 4 5 6 8 |  8.5
Dodging        | 2 3 4 5 |  5.7
Throwing       | |  1.5

Action                   |  1- 3 |  4- 6 |  7- 9 || total
-------------------------+-------+-------+-------++-------
Melee: Dagger            |    89 |   131 |   197 ||   417
       Bite              |     6 |    16 |    29 ||    51
       Rapier            |       |       |    62 ||    62
 Fire: Blowgun           |     6 |       |       ||     6
Invok: Curse Item        |       |       |     2 ||     2
Evoke: Wand              |       |       |     1 ||     1
  Use: Scroll            |     2 |     8 |    14 ||    24
       Potion            |       |     2 |     9 ||    11
 Stab: Sleeping          |    11 |    21 |    23 ||    55
       Distracted        |       |       |     3 ||     3
Armor: Robe              |    12 |    17 |    27 ||    56
Dodge: Dodged            |    48 |    54 |   134 ||   236
